BSA
ORLANDO CALRISSIAN @ BOSTON REBELS
04/22/2028
 
TOP OF THE 1ST
Orlando Calrissian batting - Pitching for Boston Rebels : RHP John Foster
Pitching: RHP John Foster
Batting: RHB José Pérez 0-0: Ball
1-0: Ball
2-0: Ball
3-0: Base on Balls
Batting: SHB Cristo Ontiveros 0-0: Ball
Throwing error on steal attempt, E2
José Pérez to third
1-0: Foul Ball, location: 2F
1-1: Called Strike
1-2: Ball
2-2: TRIPLE (Line Drive, 9LS)
José Pérez scores
Batting: RHB Rich Anderson 0-0: Foul Ball, location: 2F
0-1: Ball
1-1: Ball
2-1: Ground out 6-3 (Groundball, 6)
Cristo Ontiveros scores
Batting: SHB Tim Abbott 0-0: Called Strike
0-1: Ball
1-1: SOLO HOME RUN (Flyball, 78XD), Distance : 414 ft
Batting: LHB Santiago Márquez 0-0: Foul Ball, location: 2F
0-1: Ground out 3-1 (Groundball, 34)
Batting: RHB Frederico Hernández 0-0: Ball
1-0: Ball
2-0: Called Strike
2-1: Ball
3-1: Called Strike
3-2: Strikes out swinging
Top of the 1st over - 3 run(s), 2 hit(s), 1 error(s), 0 left on base; Orlando 3 - Boston 0
BOTTOM OF THE 1ST
Boston Rebels batting - Pitching for Orlando Calrissian : LHP Mark Collins
Pitching: LHP Mark Collins
Batting: RHB Ángel Garza 0-0: Ball
1-0: Called Strike
1-1: Ball
2-1: SINGLE (Line Drive, 8LS)
Batting: LHB Lorenzo Flores 0-0: Ball
1-0: Ball
2-0: Ball
3-0: DOUBLE (Line Drive, 89M)
Ángel Garza to third
Batting: RHB John Mendelson 0-0: Swinging Strike
0-1: Ball
1-1: Swinging Strike
1-2: Ball
2-2: Foul Ball, location: 2F
2-2: Strikes out swinging
Batting: LHB Miguel Rivería 0-0: Ground out 4-3 (Groundball, 4)
Ángel Garza scores
Lorenzo Flores to third
Batting: LHB Bill Wilson 0-0: SINGLE (Line Drive, 6M)
Lorenzo Flores scores
Batting: LHB Arturo Molina 0-0: Ball
1-0: 2-RUN HOME RUN (Flyball, 78XD), Distance : 421 ft
Batting: LHB Frank Jackson 0-0: Called Strike
0-1: Ball
1-1: Fly out, F2 (Popup, 2R)
Bottom of the 1st over - 4 run(s), 4 hit(s), 0 error(s), 0 left on base; Orlando 3 - Boston 4
TOP OF THE 2ND
Orlando Calrissian batting - Pitching for Boston Rebels : RHP John Foster
Batting: RHB Júlio Negrón 0-0: Swinging Strike
0-1: Ball
1-1: Foul Ball, location: 2F
1-2: Ball
2-2: Strikes out looking
Batting: SHB Brian Price 0-0: Foul Ball, location: 2F
0-1: Ball
1-1: SINGLE (Groundball, 6) (infield hit)
Batting: RHB Jesús Gonzáles 0-0: SINGLE (Groundball, 6MD)
Brian Price to second
Batting: RHB José Pérez 0-0: Ball
1-0: Grounds into double play, 4-6-3 (Groundball, 4)
Top of the 2nd over - 0 run(s), 2 hit(s), 0 error(s), 1 left on base; Orlando 3 - Boston 4
BOTTOM OF THE 2ND
Boston Rebels batting - Pitching for Orlando Calrissian : LHP Mark Collins
Batting: RHB Alberto Ramos 0-0: Bunted foul
0-1: Ground out 4-3 (Groundball, 4)
Batting: RHB Aaron Washington 0-0: Called Strike
0-1: Foul Ball, location: 2F
0-2: Ball
1-2: Ground out 5-3 (Groundball, 56)
Batting: RHB Ángel Garza 0-0: Called Strike
0-1: Ball
1-1: Foul Ball, location: 2F
1-2: Ground out 6-3 (Groundball, 6)
Bottom of the 2nd over - 0 run(s), 0 hit(s), 0 error(s), 0 left on base; Orlando 3 - Boston 4
TOP OF THE 3RD
Orlando Calrissian batting - Pitching for Boston Rebels : RHP John Foster
Batting: SHB Cristo Ontiveros 0-0: Called Strike
0-1: Ball
1-1: Ball
2-1: Foul Ball, location: 2F
2-2: Ball
3-2: SINGLE (Groundball, 56D)
Batting: RHB Rich Anderson 0-0: Called Strike
0-1: Ball
1-1: Foul Ball, location: 2F
1-2: Foul Ball, location: 2F
1-2: Ball
2-2: Ball
3-2: SINGLE (Groundball, 56D)
Cristo Ontiveros to second
Batting: SHB Tim Abbott 0-0: Ball
1-0: Called Strike
1-1: Fly out, F5 (Line Drive, 5)
Batting: LHB Santiago Márquez 0-0: Called Strike
0-1: DOUBLE (Line Drive, 9LM)
Cristo Ontiveros scores
Rich Anderson to third
Runner from 3rd tries for Home, SAFE, throw made home
Batting: RHB Frederico Hernández 0-0: Ball
1-0: Foul Ball, location: 2F
1-1: Swinging Strike
1-2: Ground out 6-3 (Groundball, 6)
Batting: RHB Júlio Negrón 0-0: Ball
1-0: Fly out, F7 (Flyball, 7)
Top of the 3rd over - 2 run(s), 3 hit(s), 0 error(s), 1 left on base; Orlando 5 - Boston 4
BOTTOM OF THE 3RD
Boston Rebels batting - Pitching for Orlando Calrissian : LHP Mark Collins
Batting: LHB Lorenzo Flores 0-0: SINGLE (Groundball, 4D)
Batting: RHB John Mendelson 0-0: Called Strike
0-1: Called Strike
0-2: Foul Ball, location: 2F
0-2: Ball
Passed Ball!
Lorenzo Flores to second
1-2: Foul Ball, location: 2F
1-2: Ball
2-2: Foul Ball, location: 2F
2-2: Foul Ball, location: 2F
2-2: Strikes out looking
Batting: LHB Miguel Rivería 0-0: Ball
1-0: Called Strike
1-1: Fly out, F8 (Flyball, 8RM)
Batting: LHB Bill Wilson 0-0: Ball
1-0: Called Strike
1-1: DOUBLE (Groundball, 3L)
Lorenzo Flores scores
Batting: LHB Arturo Molina 0-0: Fly out, F6 (Popup, 6S)
Bottom of the 3rd over - 1 run(s), 2 hit(s), 0 error(s), 1 left on base; Orlando 5 - Boston 5
TOP OF THE 4TH
Orlando Calrissian batting - Pitching for Boston Rebels : RHP John Foster
Batting: SHB Brian Price 0-0: Foul Ball, location: 2F
0-1: Ball
1-1: Ball
2-1: Ball
3-1: Foul Ball, location: 2F
3-2: Strikes out looking
Batting: RHB Jesús Gonzáles 0-0: Ball
1-0: Foul Ball, location: 2F
1-1: Foul Ball, location: 2F
1-2: Strikes out swinging
Batting: RHB José Pérez 0-0: Foul Ball, location: 2F
0-1: Ball
1-1: Ball
2-1: SINGLE (Line Drive, 78S)
Batting: SHB Cristo Ontiveros 0-0: Ball
José Pérez steals 2nd base
1-0: SINGLE (Groundball, 34D)
José Pérez to third
Runner from 3rd tries for Home, SAFE, no throw
Pitching: RHP Alfredo Ruíz
Batting: RHB Rich Anderson 0-0: 2-RUN HOME RUN (Flyball, 8LXD), Distance : 407 ft
Batting: SHB Tim Abbott 0-0: Ball
1-0: Swinging Strike
1-1: Ball
2-1: Ground out U3 (Groundball, 34)
Top of the 4th over - 3 run(s), 3 hit(s), 0 error(s), 0 left on base; Orlando 8 - Boston 5
BOTTOM OF THE 4TH
Boston Rebels batting - Pitching for Orlando Calrissian : LHP Mark Collins
Batting: LHB Frank Jackson 0-0: Ball
1-0: Ball
2-0: Fly out, F6 (Popup, 6)
Batting: RHB Alberto Ramos 0-0: Ball
1-0: Ground out 5-3 (Groundball, 56)
Batting: RHB Aaron Washington 0-0: SINGLE (Groundball, 4D)
Batting: RHB Ángel Garza 0-0: Ball
1-0: Fielders Choice at 2nd, 5-4 (Groundball, 5)
Bottom of the 4th over - 0 run(s), 1 hit(s), 0 error(s), 0 left on base; Orlando 8 - Boston 5
TOP OF THE 5TH
Orlando Calrissian batting - Pitching for Boston Rebels : RHP Alfredo Ruíz
Batting: LHB Santiago Márquez 0-0: Called Strike
0-1: Foul Ball, location: 2F
0-2: Ball
1-2: SINGLE (Groundball, 34D)
Batting: RHB Frederico Hernández 0-0: Called Strike
0-1: Ball
1-1: Ball
2-1: Ball
3-1: 2-RUN HOME RUN (Flyball, 7D), Distance : 402 ft
Pitching: LHP Joseph Byrne
Batting: RHB Júlio Negrón 0-0: Ball
1-0: Fly out, F7 (Flyball, 78D)
Batting: SHB Brian Price 0-0: Ball
1-0: Ball
2-0: Called Strike
2-1: SINGLE (Groundball, 56S) (infield hit)
Batting: RHB Jesús Gonzáles 0-0: DOUBLE (Line Drive, 89M)
Brian Price to third
Batting: RHB José Pérez 0-0: SINGLE (Line Drive, 8RS)
Brian Price scores
Jesús Gonzáles to third
Batting: SHB Cristo Ontiveros 0-0: Ball
1-0: Ball
2-0: Ball
3-0: Called Strike
3-1: Base on Balls
José Pérez to second
Batting: RHB Rich Anderson 0-0: Ball
1-0: DOUBLE (Flyball, 9D)
Jesús Gonzáles scores
José Pérez scores
Cristo Ontiveros to third
Pitching: RHP Manuel Jimenen
Batting: SHB Tim Abbott 0-0: Called Strike
0-1: Ball
1-1: Swinging Strike
1-2: Strikes out swinging
Batting: LHB Santiago Márquez 0-0: Ball
1-0: Ball
2-0: Ball
3-0: Base on Balls
Batting: RHB Frederico Hernández 0-0: Called Strike
0-1: Ball
1-1: Foul Ball, location: 2F
1-2: Ball
2-2: Fly out, F6 (Line Drive, 6M)
Top of the 5th over - 5 run(s), 6 hit(s), 0 error(s), 3 left on base; Orlando 13 - Boston 5
BOTTOM OF THE 5TH
Boston Rebels batting - Pitching for Orlando Calrissian : LHP Mark Collins
Batting: LHB Lorenzo Flores 0-0: SINGLE (Line Drive, 34D)
Batting: RHB John Mendelson 0-0: Foul Ball, location: 2F
0-1: Ball
1-1: Foul Ball, location: 2F
1-2: Ball
2-2: Fly out, F9 (Flyball, 9LDF)
Batting: LHB Miguel Rivería 0-0: Called Strike
0-1: Ball
1-1: Ball
2-1: SINGLE (Flyball, 89S)
Lorenzo Flores to second
Runner from 2nd tries for 3rd, SAFE, throw made to third
Batting: LHB Bill Wilson 0-0: Ball
1-0: Foul Ball, location: 2F
1-1: Ball
2-1: Reached on error, E3 (Groundball, 3L)
Lorenzo Flores scores
Miguel Rivería to second
Batting: LHB Arturo Molina 0-0: Called Strike
0-1: Swinging Strike
0-2: Ball
1-2: Ball
2-2: Ball
3-2: Strikes out swinging
Batting: LHB Frank Jackson 0-0: Foul Ball, location: 2F
0-1: SINGLE (Line Drive, 3)
Miguel Rivería to third
Bill Wilson to second
Runner from 3rd tries for Home, SAFE, no throw
Batting: RHB Alberto Ramos 0-0: Ball
1-0: Swinging Strike
1-1: Called Strike
1-2: Ground out 3-1 (Groundball, 23)
Bottom of the 5th over - 2 run(s), 3 hit(s), 1 error(s), 2 left on base; Orlando 13 - Boston 7
TOP OF THE 6TH
Orlando Calrissian batting - Pitching for Boston Rebels : RHP Manuel Jimenen
Batting: RHB Júlio Negrón 0-0: Ball
1-0: Ball
2-0: Called Strike
2-1: Foul Ball, location: 2F
2-2: Strikes out looking
Batting: SHB Brian Price 0-0: Called Strike
0-1: Called Strike
0-2: SINGLE (Flyball, 8LS)
Batting: RHB Jesús Gonzáles 0-0: Called Strike
0-1: Ball
1-1: Foul Ball, location: 2F
1-2: Ball
2-2: Strikes out swinging
Batting: RHB José Pérez 0-0: Ball
1-0: Fielders Choice at 2nd, 6-4 (Groundball, 6)
Top of the 6th over - 0 run(s), 1 hit(s), 0 error(s), 0 left on base; Orlando 13 - Boston 7
BOTTOM OF THE 6TH
Boston Rebels batting - Pitching for Orlando Calrissian : LHP Mark Collins
Batting: RHB Aaron Washington 0-0: Ball
1-0: Foul Ball, location: 2F
1-1: Fly out, F7 (Flyball, 7S)
Batting: RHB Ángel Garza 0-0: Fly out, F8 (Line Drive, 78XD)
Batting: LHB Lorenzo Flores 0-0: Fly out, F3 (Line Drive, 3)
Bottom of the 6th over - 0 run(s), 0 hit(s), 0 error(s), 0 left on base; Orlando 13 - Boston 7
TOP OF THE 7TH
Orlando Calrissian batting - Pitching for Boston Rebels : RHP Manuel Jimenen
Batting: SHB Cristo Ontiveros 0-0: Ball
1-0: Fly out, F4 (Popup, 4D)
Batting: RHB Rich Anderson 0-0: Foul Ball, location: 2F
0-1: Ball
1-1: Ball
2-1: Fly out, F8 (Flyball, 8LM)
Batting: SHB Tim Abbott 0-0: Ball
1-0: Foul Ball, location: 2F
1-1: SINGLE (Flyball, 7S)
Batting: LHB Santiago Márquez 0-0: Ball
1-0: Swinging Strike
1-1: Ball
2-1: Foul Ball, location: 2F
2-2: Hit by Pitch
Tim Abbott to second
Batting: RHB Frederico Hernández 0-0: Fielders Choice at 2nd, 6-4 (Groundball, 6)
Top of the 7th over - 0 run(s), 1 hit(s), 0 error(s), 1 left on base; Orlando 13 - Boston 7
BOTTOM OF THE 7TH
Boston Rebels batting - Pitching for Orlando Calrissian : LHP Mark Collins
Batting: RHB John Mendelson 0-0: Ball
1-0: Ground out 4-3 (Groundball, 4MD)
Batting: LHB Miguel Rivería 0-0: Ball
1-0: DOUBLE (Flyball, 89D)
Batting: LHB Bill Wilson 0-0: Ball
1-0: Ball
2-0: Called Strike
2-1: Called Strike
2-2: Ball
3-2: Strikes out swinging
Batting: LHB Arturo Molina 0-0: Ball
1-0: Swinging Strike
1-1: Ball
2-1: Called Strike
2-2: Strikes out swinging
Bottom of the 7th over - 0 run(s), 1 hit(s), 0 error(s), 1 left on base; Orlando 13 - Boston 7
TOP OF THE 8TH
Orlando Calrissian batting - Pitching for Boston Rebels : RHP Manuel Jimenen
Pitching: LHP Yoshihiro Hasegawa
Batting: RHB Júlio Negrón 0-0: Ball
1-0: Ball
2-0: Called Strike
2-1: SOLO HOME RUN (Flyball, 9D), Distance : 404 ft
Batting: SHB Brian Price 0-0: SINGLE (Line Drive, 9S)
Batting: RHB Jesús Gonzáles 0-0: Grounds into double play, 5-4-3 (Groundball, 56)
Batting: RHB José Pérez 0-0: Called Strike
0-1: Called Strike
0-2: Ball
1-2: Ground out 5-3 (Groundball, 5)
Top of the 8th over - 1 run(s), 2 hit(s), 0 error(s), 0 left on base; Orlando 14 - Boston 7
BOTTOM OF THE 8TH
Boston Rebels batting - Pitching for Orlando Calrissian : LHP Mark Collins
Pitching: LHP Mike Murray
Now at 1B: Jaime Montés
Batting: LHB Frank Jackson 0-0: Ball
1-0: SINGLE (Flyball, 7LS)
Batting: RHB Alberto Ramos 0-0: Called Strike
0-1: Foul Ball, location: 2F
0-2: Ball
1-2: Ball
2-2: Foul Ball, location: 2F
2-2: Fly out, F7 (Line Drive, 7)
Batting: RHB Aaron Washington 0-0: Reached on error, E1 (Line Drive, 15)
Frank Jackson to second
Batting: RHB Ángel Garza 0-0: Called Strike
0-1: Called Strike
0-2: Ball
1-2: Strikes out swinging
Batting: LHB Lorenzo Flores 0-0: Called Strike
0-1: Foul Ball, location: 2F
0-2: Ball
1-2: Ball
2-2: Ground out 4-3 (Groundball, 4S)
Bottom of the 8th over - 0 run(s), 1 hit(s), 1 error(s), 2 left on base; Orlando 14 - Boston 7
TOP OF THE 9TH
Orlando Calrissian batting - Pitching for Boston Rebels : LHP Yoshihiro Hasegawa
Batting: SHB Cristo Ontiveros 0-0: Ball
1-0: Ball
2-0: Foul Ball, location: 2F
2-1: Called Strike
2-2: Foul Ball, location: 2F
2-2: Ball
3-2: Foul Ball, location: 2F
3-2: Foul Ball, location: 2F
3-2: Foul Ball, location: 2F
3-2: Base on Balls
Batting: RHB Rich Anderson 0-0: Ball
1-0: Called Strike
1-1: Foul Ball, location: 2F
1-2: Ball
2-2: Ball
3-2: Foul Ball, location: 2F
3-2: Fly out, F6 (Popup, 6)
Batting: SHB Tim Abbott 0-0: Swinging Strike
0-1: Called Strike
0-2: Ball
1-2: Ball
2-2: Strikes out looking
Batting: LHB Santiago Márquez 0-0: Ball
1-0: Foul Ball, location: 2F
1-1: Foul Ball, location: 2F
1-2: Ball
2-2: Strikes out swinging
Top of the 9th over - 0 run(s), 0 hit(s), 0 error(s), 1 left on base; Orlando 14 - Boston 7
BOTTOM OF THE 9TH
Boston Rebels batting - Pitching for Orlando Calrissian : LHP Mike Murray
Batting: RHB John Mendelson 0-0: Called Strike
0-1: Foul Ball, location: 2F
0-2: Ground out 5-3 (Groundball, 5)
Batting: LHB Miguel Rivería 0-0: Swinging Strike
0-1: Ball
1-1: Ball
2-1: Swinging Strike
2-2: Strikes out swinging
Batting: LHB Bill Wilson 0-0: Foul Ball, location: 2F
0-1: Ball
1-1: Ball
2-1: Ball
3-1: Called Strike
3-2: SINGLE (Flyball, 8RS)
Batting: LHB Arturo Molina 0-0: Ball
1-0: Foul Ball, location: 2F
1-1: SINGLE (Groundball, 4MD)
Bill Wilson to second
Runner from 2nd tries for 3rd, SAFE, no throw
Batting: LHB Frank Jackson 0-0: Foul Ball, location: 2F
0-1: Ground out 4-3 (Groundball, 4MD)
Bottom of the 9th over - 0 run(s), 2 hit(s), 0 error(s), 2 left on base; Orlando 14 - Boston 7
Tuesday, August 8th, 2017 - OOTP Baseball 17.12 Build 75